 Dungeon Crawl Stone Soup version 0.20.0 (webtiles) character file.

197 AlphabetPasta the Ducker (level 5, -1/26 HPs)
             Began as a Spriggan Summoner on May 29, 2017.
             Was an Initiate of Gozag.
             Killed from afar by Natasha (6 damage)
             ... with a magic dart
             ... on level 4 of the Dungeon.
             The game lasted 00:16:31 (3584 turns).

AlphabetPasta the Ducker (Spriggan Summoner)        Turns: 3584, Time: 00:16:31

Health: -1/26      AC:  3    Str:  5    XL:     5   Next: 46%
Magic:  20/20      EV: 19    Int: 16    God:    Gozag
Gold:   240        SH:  0    Dex: 17    Spells: 1/11 levels left

rFire    . . .     SeeInvis +   o - +2 dagger (speed)
rCold    . . .     Gourm    .   (shield restricted)
rNeg     . . .     Faith    .   a - +1 robe
rPois    +         Spirit   .   (helmet restricted)
rElec    .         Reflect  .   (no cloak)
rCorr    .         Harm     .   (gloves unavailable)
MR       .....                  (boots unavailable)
Stlth    ++........             (no amulet)
Regen    0.1/turn               q - ring of poison resistance
MPRegen  0.2/turn               r - ring of magical power

@: about to teleport, very quick
A: unfitting armour, see invisible, herbivore 3, speed 3, slow metabolism 2
a: Potion Petition, Call Merchant, Bribe Branch, Renounce Religion


You were on level 4 of the Dungeon.
You worshipped Gozag.
Gozag was aware of your devotion.
You were not hungry.

You visited 1 branch of the dungeon, and saw 4 of its levels.

You collected 306 gold pieces.
You paid 66 gold pieces to Gozag.

Inventory:

Hand Weapons
 g - a +0 short sword
 o - a +2 dagger of speed (weapon)
Missiles
 n - 72 stones (quivered)
Armour
 a - a +1 robe (worn)
Jewellery
 q - a ring of poison resistance (left hand)
 r - a ring of magical power (right hand)
Wands
 w - a wand of paralysis (2/24)
Scrolls
 d - a scroll of enchant armour
 l - 3 scrolls of remove curse
Potions
 e - a potion of resistance {unknown}
 f - a potion of ambrosia
 h - 2 potions of degeneration {unknown}
 i - a potion of brilliance {unknown}
 j - a potion of mutation {unknown}
 k - 3 potions of heal wounds
 m - a potion of curing {unknown}
 p - 2 potions of lignification {unknown}
 s - a potion of flight {unknown}
 v - a potion of might {unknown}
Books
 b - a book of Callings

   Spells                             Type                      Level
   a - Summon Small Mammal            Summoning                    1
   b - Call Imp                       Summoning                    2
   c - Call Canine Familiar           Summoning                    3
   d - Summon Guardian Golem          Hexes/Summoning              3
   e - Summon Lightning Spire         Summoning/Air                4
   f - Summon Ice Beast               Ice/Summoning                4
Comestibles
 c - 2 bread rations
 u - 4 fruits


   Skills:
 + Level 1.7 Fighting
 * Level 2.4 Short Blades
 + Level 4.1 Dodging
 - Level 3.0 Stealth
 + Level 3.6 Spellcasting
 + Level 1.0 Hexes
 * Level 3.9 Summonings


You had one spell level left.
You knew the following spells:

 Your Spells              Type           Power        Failure   Level  Hunger
a - Summon Small Mammal   Summ           ###.         3%          1    None
b - Call Imp              Summ           ###.....     5%          2    ##.....
c - Call Canine Familiar  Summ           ###.....     11%         3    ###....
d - Summon Guardian Gole  Hex/Summ       ##......     19%         3    ###....
e - Apportation           Tloc           #.....       17%         1    None


Dungeon Overview and Level Annotations

Branches:
Dungeon (4/15)
 Temple: D:4-7

Altars:
Gozag

Annotations:
D:4 Natasha, Pikel


Innate Abilities, Weirdness & Mutations

You are very small and have problems with some larger weapons.
You are too small for most types of armour.
You have supernaturally acute eyesight. (SInv)
You are a herbivore.
You cover ground extremely quickly.
You need consume almost no food.


Message History

Natasha hisses angrily.
The orc wizard shouts!
Natasha wildly gestures.
Natasha shimmers violently.
You see here a wand of paralysis (?/24).
w - a wand of paralysis (?/24)
The orc wizard mumbles some strange words.
The orc wizard seems to speed up.
Natasha misses you.
The hound pauses to sniff the ground.
As you read the scroll of teleportation, it crumbles to dust.
You feel strangely unstable.
The orc wizard shouts!
Natasha claws you.
* * * LOW HITPOINT WARNING * * *
The hound misses you. The orc wizard misses you. Natasha casts a spell at you.
The magic dart hits you!
You die...
Your body crumbles into a pile of gold.

.....# #p.# .....# #..#
...op## #..# . ......#
#..# .. ..#...## ##..##
... ..##...####....##
##....
...#....o.......##.....)
...#...........$$$......
..
.........p.....h@.......
..
................$o.o...$
..
...............h..(.....
..
........................
..
##......................
..
#############..........
###.....### ##....#
#....


You could see a slave, a hound, 2 orc wizards and Natasha.

Vanquished Creatures
  2 orc wizards (D:3)
  2 adders
  An ooze (D:1)
  A dart slug (D:3)
  2 leopard geckos
  3 orcs
  A ball python (D:2)
  3 bats
  3 giant cockroaches (D:2)
  2 goblins
  3 hobgoblins
  2 jackals (D:2)
  5 frilled lizards
  A jackal skeleton (D:4)
  4 kobolds
  9 rats
44 creatures vanquished.

Vanquished Creatures (collateral kills)
  A bullfrog skeleton (D:4)
  Natasha (D:4)
  3 adders (D:2)
  A leopard gecko (D:1)
  5 orcs (D:4)
  5 giant cockroaches (D:1)
  2 goblins (D:1)
  3 hobgoblins
  3 kobolds
  4 bats (D:1)
  2 frilled lizards (D:1)
  A rat (D:1)
  A fungus (D:1)
32 creatures vanquished.

Grand Total: 76 creatures vanquished

Notes
Turn   | Place    | Note
-------+----------+-------------------------------------------
     0 | D:1      | AlphabetPasta the Spriggan Summoner began the quest for the Orb.
     0 | D:1      | Reached XP level 1. HP: 9/9 MP: 5/5
   309 | D:1      | Reached XP level 2. HP: 9/14 MP: 4/6
   313 | D:1      | Learned a level 2 spell: Call Imp
  1109 | D:1      | Reached skill level 1 in Short Blades
  1109 | D:1      | Reached XP level 3. HP: 13/17 MP: 8/8
  1241 | D:1      | Reached skill level 1 in Fighting
  1596 | D:2      | Learned a level 3 spell: Call Canine Familiar
  2121 | D:2      | Reached XP level 4. HP: 22/22 MP: 9/9
  2373 | D:3      | Found an opulent altar of Gozag.
  2397 | D:3      | Became a worshipper of Gozag Ym Sagoz the Greedy
  2744 | D:3      | Learned a level 3 spell: Summon Guardian Golem
  3064 | D:3      | Reached skill level 4 in Dodging
  3064 | D:3      | Reached XP level 5. HP: 17/25 MP: 11/11
  3228 | D:4      | Noticed Natasha
  3242 | D:4      | Killed Natasha
  3435 | D:4      | Learned a level 1 spell: Apportation
  3501 | D:4      | Noticed a slave
  3503 | D:4      | Noticed a slave
  3505 | D:4      | Reached skill level 1 in Hexes
  3509 | D:4      | Noticed a slave
  3513 | D:4      | Noticed Pikel
  3577 | D:4      | Noticed Natasha
  3584 | D:4      | Killed from afar by Natasha

Skill      XL: |  1  2  3  4  5 |
---------------+----------------+-----
Spellcasting   | 3 |  3.6
Short Blades   | 1 2 |  2.4
Fighting       | 1 |  1.7
Dodging        | 4 |  4.1
Hexes          | 1 |  1.0
Stealth        | |  3.0
Summonings     | |  3.9

Action                   |  1- 3 |  4- 6 || total
-------------------------+-------+-------++-------
Melee: Unarmed           |    54 |       ||    54
       Short sword       |   108 |       ||   108
       Dagger            |    13 |   109 ||   122
 Cast: Summon Small Mamm |    12 |     1 ||    13
       Call Imp          |     7 |     2 ||     9
       Call Canine Famil |     2 |     5 ||     7
  Use: Scroll            |     8 |     4 ||    12
 Stab: Sleeping          |     6 |     7 ||    13
       Distracted        |     2 |       ||     2
  Eat: Royal jelly       |       |     1 ||     1
Armor: Robe              |    15 |     3 ||    18
Dodge: Dodged            |   134 |    66 ||   200
